 Dungeon Crawl Stone Soup version 0.30-a0-187-gd9c2deaf24 (webtiles) character file.

Game seed: 3273746225795463532

2 plutoplutoso the Slasher (level 1, -1/17 HPs)
             Began as a Meteoran Reaver on Oct 3, 2022.
             Slain by a giant cockroach (2 damage)
             ... on level 1 of the Dungeon.
             The game lasted 00:00:12 (15 turns).

plutoplutoso the Slasher (Meteoran Reaver)            Turns: 15, Time: 00:00:13

Health: -1/17      AC:  3    Str: 13    XL:     1   Next: 57%
Magic:  5/5        EV: 12    Int: 14    God:
Gold:   0          SH:  0    Dex: 12    Spells: 4/5 levels left

rFire   . . .      SeeInvis .    a - +0 falchion
rCold   . . .      Faith    .    (no shield)
rNeg    . . .      Spirit   .    b - +0 leather armour
rPois   .          Reflect  .    (no helmet)
rElec   .          Harm     .    (no cloak)
rCorr   .          Rampage  .    (no gloves)
Will    .....                    (no boots)
Stlth   +.........               (no amulet)
HPRegen 0.22/turn                (no ring)
MPRegen 0.09/turn                (no ring)

@: glowing
A: sense surroundings 1, otherworldly, glowing, explore regen
a: no special abilities


You were on level 1 of the Dungeon.
You visited 1 branch of the dungeon, and saw 1 of its levels.

Inventory:

Hand Weapons
 a - a +0 falchion (weapon)
Armour
 b - a +0 leather armour (worn)


   Skills:
 + Level 2.2 Fighting
 + Level 3.7 Long Blades
 + Level 2.4 Dodging
 + Level 2.7 Spellcasting
 + Level 3.7 Conjurations


You had 4 spell levels left.
You knew the following spells:

 Your Spells              Type           Power      Damage    Failure   Level
a - Kiss of Death         Conj/Necr      28%        2d7       13%         1

Your spell library contained the following spells:

 Spells                   Type           Power      Damage    Failure   Level
 Momentum Strike          Conj/Tloc      14%        3d8       21%         2
 Hailstorm                Conj/Ice       7%         3d4       36%         3


Dungeon Overview and Level Annotations

Branches:
Dungeon (1/15) Zot: 582

Altars:


Innate Abilities, Weirdness & Mutations

You passively map a small area around you.
You are easily found by Zot.
You glow in the dark.
You regain HP and MP as you explore.


Message History

The bat attacks as you move away! The bat hits you.
A jackal comes into view.
The jackal barks!
You hear a bark!
The bat closely misses you.
A jackal comes into view.
The giant cockroach bites you.
The jackal barks!
You hit the bat.
You kill the bat!
The giant cockroach bites you. x2
You closely miss the giant cockroach.
A jackal comes into view.
The giant cockroach closely misses you. The jackal bites you.
The jackal moves out of view.
A jackal comes into view.
You barely miss the giant cockroach. The jackal bites you.
The giant cockroach bites you but does no damage.
The jackal bites you.
You barely miss the giant cockroach. The giant cockroach bites you.
The jackal bites you but does no damage.
The jackal misses you. The giant cockroach closely misses you.
You barely miss the giant cockroach. The jackal bites you.
The jackal closely misses you. The giant cockroach barely misses you.
The jackal barely misses you. The jackal closely misses you.
You hit the jackal.
The jackal is almost dead.
The jackal closely misses you. The giant cockroach bites you.
* * * LOW HITPOINT WARNING * * *
The jackal misses you.
You hit the jackal but do no damage. You punch the jackal.
You kill the jackal!
The jackal bites you.
* * * LOW HITPOINT WARNING * * *
The giant cockroach barely misses you. The jackal bites you.
* * * LOW HITPOINT WARNING * * *
The giant cockroach bites you but does no damage.
You closely miss the jackal.
The jackal bites you but does no damage.
The jackal closely misses you. The giant cockroach bites you.
You die...

, , #.... * *
#######... , ,
* , #.........
, #......). , ,
#........ , , ,
#......h# *** ,
* #.....hh#
#.....B@### *
#.........####
, * * *
########.....#
, , ,
##....8.#### *
**
##.......§≈≈#
.#.....§.§§≈§#
#...8..8<.≈§§§#
,
#.#......§≈§≈§#
,
#..........§§≈#


You could see 3 jackals and a giant cockroach.

Vanquished Creatures
  A bat (D:1)
  A jackal (D:1)
2 creatures vanquished.

Notes
Turn   | Place    | Note
-------+----------+-------------------------------------------
     0 | D:1      | plutoplutoso the Meteoran Reaver began the quest for the
                  | Orb.
     0 | D:1      | Reached XP level 1. HP: 17/17 MP: 5/5
    15 | D:1      | Slain by a giant cockroach

Illustrated notes

Levels and vault maps discovered:
D:1:      grunt_arrival_lava_bath, layout_basic,
          hellmonk_ecumenical_altar_run_dry

Action                   || total
-------------------------++-------
Melee: Falchion          ||    10
       Punch             ||     1
Armor: Leather armour    ||     4
Dodge: Dodged            ||    15

Table legend: (Time is in decaauts)
 A = Elapsed time spent in this place.
 B = Non-inter-level travel time spent in this place.
 C = Inter-level travel time spent in this place.
 D = Time resting spent in this place.
 E = Time spent auto-exploring this place.
 F = Levels seen in this place.
 G = Mean time per level.
                   A        B        C        D        E       F      G
               +--------+--------+--------+--------+--------+-----+--------+
         Total |     16 |     13 |      3 |      0 |      0 |   1 |   16.0 |
       Dungeon |     16 |     13 |      3 |      0 |      0 |   1 |   16.0 |
               +--------+--------+--------+--------+--------+-----+--------+

Top non-repeatable levels by time:
     D:1: 16 daAuts
